 Dungeon Crawl Stone Soup version 0.27-a0-604-g29a88b33a7 (webtiles) character file.

Game seed: 14897394835520686030

424 PentaManta the Ruffian (level 6, -5/59 HPs)
             Began as a Troll Abyssal Knight on Mar 12, 2021.
             Was a Priest of Lugonu.
             Slain by an unseen horror (8 damage)
             ... on level 5 of the Dungeon.
             The game lasted 00:05:25 (3279 turns).

PentaManta the Ruffian (Troll Abyssal Knight)       Turns: 3279, Time: 00:05:25

Health: -5/59      AC:  7    Str: 23    XL:     6   Next: 64%
Magic:  6/6        EV:  9    Int:  8    God:    Lugonu [***...]
Gold:   116        SH:  0    Dex:  9    Spells: 5/5 levels left

rFire    . . .     SeeInvis .     - Unarmed
rCold    . . .     Faith    .   (no shield)
rNeg     . . .     Spirit   .   a - +0 robe
rPois    .         Reflect  .   (helmet restricted)
rElec    .         Harm     .   x - +2 cloak
rCorr    .         Rampage  .   (gloves unavailable)
Will     .....                  (boots unavailable)
Stlth    +.........             (no amulet)
HPRegen  1.19/turn              (no ring)
MPRegen  0.10/turn              (no ring)

@: no status effects
A: large, unfitting armour, claws 3, regeneration 1, shaggy fur 1, tough skin 1
a: Renounce Religion, Depart the Abyss, Bend Space, Banish


You were on level 5 of the Dungeon.
You worshipped Lugonu.
Lugonu was most pleased with you.
You visited 2 branches of the dungeon, and saw 6 of its levels.
You visited the Abyss 1 time.

You collected 258 gold pieces.
You spent 142 gold pieces at shops.

Inventory:

Armour
 a - a +0 robe (worn)
 x - a +2 cloak (worn)
Jewellery
 e - a ring of flight
 h - a ring of poison resistance
 r - an amulet of guardian spirit
 t - a +6 ring of intelligence
Wands
 p - a wand of polymorph (4)
Scrolls
 c - 2 scrolls of enchant weapon {unknown}
 f - 4 scrolls of teleportation
 n - 4 scrolls of identify {unknown}
 q - a scroll of immolation {unknown}
 s - a scroll of fear {unknown}
 u - 2 scrolls of blinking {unknown}
 y - a scroll of enchant armour {unknown}
Potions
 b - 4 potions of curing
 d - 3 potions of brilliance {unknown}
 g - 2 potions of lignification {unknown}
 i - a potion of might {unknown}
 j - a potion of invisibility {unknown}
 k - a potion of heal wounds {unknown}
 l - 2 potions of haste {unknown}
 m - 2 potions of ambrosia {unknown}
 o - a potion of flight {unknown}
 v - 3 potions of attraction {unknown}
 w - a potion of magic {unknown}
 z - a potion of mutation {unknown}
 A - 2 potions of resistance {unknown}


   Skills:
 - Level 2.4 Fighting
 - Level 1.9 Dodging
 + Level 7.2 Unarmed Combat
 - Level 1.5 Invocations


You had 5 spell levels left.
You didn't know any spells.
Your spell library was empty.

Dungeon Overview and Level Annotations

Branches:
Dungeon (5/15)             Temple (1/1) D:4

Altars:
Ashenzari
Cheibriados
Dithmenos
Elyvilon
Fedhas
Gozag
Hepliaklqana
Kikubaaqudgha
Makhleb
Nemelex Xobeh
Okawaru
Qazlal
Ru
Uskayaw
Vehumet
Wu Jian
Xom
Yredelemnul
The Shining One

Shops:
D:4 [

Annotations:
D:3 Grinder
D:5 stripedtigrrr's ghost, amateur OpDe


Innate Abilities, Weirdness & Mutations

You are too large for most types of armour.
You have claws for hands.
Your natural rate of healing is unusually fast.
You are covered in fur. (AC +1)
You have tough skin. (AC +1)


Message History

Something hits you! Something hits you but does no damage. Something hits you!
You scratch something. Something hits you! Something hits you.
Something hits you! Something hits you!
* * * LOW HITPOINT WARNING * * *
Something hits you but does no damage. Something hits you. x2
* * * LOW HITPOINT WARNING * * *
Something hits you but does no damage. Something hits you!
* * * LOW HITPOINT WARNING * * *
You closely miss something. You claw something! Something hits you.
* * * LOW HITPOINT WARNING * * *
You feel better. Something hits you. x2
* * * LOW HITPOINT WARNING * * *
You feel better. Something hits you!
* * * LOW HITPOINT WARNING * * *
Something hits you.
* * * LOW HITPOINT WARNING * * *
Something hits you!
* * * LOW HITPOINT WARNING * * *
Something hits you!
* * * LOW HITPOINT WARNING * * *
Something completely misses you. Something hits you.
* * * LOW HITPOINT WARNING * * *
You feel better. Something hits you.
* * * LOW HITPOINT WARNING * * *
You feel better. Something hits you!
* * * LOW HITPOINT WARNING * * *
Something hits you but does no damage. Something completely misses you.
Something hits you but does no damage.
You completely miss something. Something hits you!
* * * LOW HITPOINT WARNING * * *
Something hits you.
* * * LOW HITPOINT WARNING * * *
You claw something! Something hits you but does no damage. Something hits you!
You die...

.#.......................###.
....#....................##..
....##.....###...........#..#
.....##..### ##..........#.##
#......# ##...........#.
####..## ##).........#. .#
##..# ###...........#. ..#
#..####.........##..##. ..##
##....@......#####..# . ...
##..#######.## #..# #..#..##
.... #.#.## ..... #.##...#
#......# ##.#...# # #.#.#
#..#.#


There were no monsters in sight!

Vanquished Creatures
  A scorpion (D:4)
  2 hounds (D:4)
  3 worker ants (D:4)
  Ijyb (D:3)
  Terence (D:4)
  5 adders
  A shadow imp (D:5)
  An adder skeleton (D:4)
  A worm (D:4)
  5 dart slugs
  2 leopard geckos (D:1)
  11 orcs
  8 giant cockroaches
  11 goblins
  10 hobgoblins
  15 jackals
  10 kobolds
  4 quokkas
  A ball python (D:1)
  6 bats
  5 frilled lizards
  A leopard gecko skeleton (D:4)
  5 rats (D:2)
110 creatures vanquished.

Notes
Turn   | Place    | Note
-------+----------+-------------------------------------------
     0 | Abyss:1  | PentaManta the Troll Abyssal Knight began the quest for the
                  | Orb.
     0 | Abyss:1  | Reached XP level 1. HP: 22/22 MP: 1/1
    20 | Abyss:1  | Found a corrupted altar of Lugonu.
    56 | Abyss:2  | Noticed a demonic crawler
    68 | Abyss:2  | Noticed a starcursed mass
    70 | Abyss:2  | Noticed a large abomination
    73 | D:1      | Escaped the Abyss
   106 | D:1      | Reached * piety under Lugonu
   107 | D:1      | Reached XP level 2. HP: 24/29 MP: 2/2
   115 | D:1      | Reached skill level 3 in Unarmed Combat
   246 | D:1      | Reached XP level 3. HP: 36/36 MP: 3/3
   580 | D:1      | Reached skill level 4 in Unarmed Combat
   799 | D:2      | Reached XP level 4. HP: 44/44 MP: 4/4
   855 | D:2      | Reached ** piety under Lugonu
  1051 | D:2      | Found a glowing golden altar of the Shining One.
  1457 | D:3      | Found an ancient bone altar of Kikubaaqudgha.
  1486 | D:3      | Noticed Ijyb
  1494 | D:3      | Killed Ijyb
  1495 | D:3      | Reached skill level 5 in Unarmed Combat
  1870 | D:3      | Found a snail-covered altar of Cheibriados.
  1877 | D:3      | Reached XP level 5. HP: 49/50 MP: 5/5
  1980 | D:3      | Noticed Terence
  1980 | D:3      | Noticed Grinder
  1995 | D:4      | Killed Terence
  2184 | D:4      | Reached skill level 6 in Unarmed Combat
  2184 | D:4      | Found a blossoming altar of Fedhas.
  2190 | D:4      | Reached *** piety under Lugonu
  2226 | D:4      | Found a staircase to the Ecumenical Temple.
  2272 | Temple   | Entered the Ecumenical Temple
  2601 | D:4      | Reached XP level 6. HP: 59/59 MP: 6/6
  2618 | D:4      | Found Uthraxet's Antique Armour Emporium.
  2676 | D:4      | Bought a runed cloak for 142 gold pieces
  2779 | D:4      | Reached skill level 7 in Unarmed Combat
  2964 | D:4      | Found a sparkling altar of Nemelex Xobeh.
  2987 | D:5      | Entered Level 5 of the Dungeon
  3185 | D:5      | Noticed stripedtigrrr's ghost (amateur OpDe)
  3273 | D:5      | HP: 1/59 [something (6)]
  3278 | D:5      | HP: 1/59 [something (4)]
  3279 | D:5      | Slain by an unseen horror

Illustrated notes

Levels and vault maps discovered:
D:1:      dpeg_arrival_leaves_temple_mockup, layout_basic
D:2:      layout_basic, lemuel_doored_altar
D:3:      layout_basic, kennysheep_slug_shrine, lemuel_crystal_altar,
          minmay_fractal_squares_gapless_5, uniq_terence, uniq_ijyb,
          uniq_grinder
D:4:      minmay_diamond_boxcup, layout_gridville, fedhas_altar_2,
          nemelex_xobeh_ov_fountains_minmay, minmay_temple_entry_junction,
          serial_shops, shop, hangedman_decor_clover_reticule, st_stairs_11
D:5:      layout_layer_cave, gammafunk_ghost_stat_death, nrook_campfire,
          dk_vineyard_1, minmay_manual_mess
Temple:   jpeg_temple_clearing

Skill      XL: |  1  2  3  4  5  6 |
---------------+-------------------+-----
Unarmed Combat | 3 4 5 6 7 |  7.2
Fighting       | |  2.4
Dodging        | |  1.9
Invocations    | |  1.5

Action                   |  1- 3 |  4- 6 || total
-------------------------+-------+-------++-------
Melee: Unarmed           |   136 |   200 ||   336
       Punch             |       |     4 ||     4
Invok: Depart the Abyss  |     1 |       ||     1
  Use: Potion            |     1 |     4 ||     5
       Scroll            |     1 |       ||     1
 Stab: Sleeping          |       |     1 ||     1
Armor: Robe              |    68 |    70 ||   138
Dodge: Dodged            |    88 |    95 ||   183

Table legend: (Time is in decaauts)
 A = Elapsed time spent in this place.
 B = Non-inter-level travel time spent in this place.
 C = Inter-level travel time spent in this place.
 D = Time resting spent in this place.
 E = Time spent auto-exploring this place.
 F = Levels seen in this place.
 G = Mean time per level.
                   A        B        C        D        E       F      G
               +--------+--------+--------+--------+--------+-----+--------+
         Total |   3251 |   3181 |     70 |    154 |   2340 |   8 |  406.4 |
       Dungeon |   3088 |   3036 |     52 |    154 |   2240 |   5 |  617.6 |
        Temple |     89 |     71 |     18 |      0 |     70 |   1 |   89.0 |
         Abyss |     72 |     72 |      0 |      0 |     30 |   2 |   36.0 |
               +--------+--------+--------+--------+--------+-----+--------+

Top non-repeatable levels by time:
     D:4: 894 daAuts
     D:1: 666 daAuts
     D:2: 660 daAuts
     D:3: 578 daAuts
     D:5: 288 daAuts
  Temple: 89 daAuts
 Abyss:2: 37 daAuts
 Abyss:1: 35 daAuts
